 Dungeon Crawl Stone Soup version 0.19.5 (webtiles) character file.

12 tidbits the Skirmisher (level 2, 0/21 HPs)
             Began as a High Elf Fighter on Dec 10, 2017.
             Slain by a gnoll
             ... wielding a +0 halberd
              (3 damage)
             ... on level 1 of the Dungeon.
             The game lasted 00:01:43 (263 turns).

tidbits the Skirmisher (High Elf Fighter)            Turns: 263, Time: 00:01:44

Health: 0/21       AC:  6    Str: 15    XL:     2   Next: 20%
Magic:  3/3        EV:  7    Int: 11    God:
Gold:   0          SH:  8    Dex: 14    Spells: 0 memorised, 1 level left

rFire  . . .     SeeInvis .     a - +0 long sword
rCold  . . .     Gourm    .     b - +0 scale mail
rNeg   . . .     Faith    .     c - +0 shield
rPois  .         Spirit   .     (no helmet)
rElec  .         Reflect  .     (no cloak)
rCorr  .         Harm     .     (no gloves)
MR     .....                    (no boots)
Stlth  ..........               (no amulet)
                                (no ring)
                                (no ring)

@: no status effects
A: no striking features
a: no special abilities


You were on level 1 of the Dungeon.
You were not hungry.

You visited 1 branch of the dungeon, and saw 2 of its levels.

Inventory:

Hand Weapons
 a - a +0 long sword (weapon)
 e - a +0 hunting sling
   (You found it on level 1 of the Dungeon)
Armour
 b - a +0 scale mail (worn)
 c - a +0 shield (worn)
Potions
 d - a potion of might
Comestibles
 f - a bread ration


   Skills:
 - Level 3.0 Fighting
 - Level 2.7 Long Blades
 - Level 2.6 Armour
 + Level 1.8 Dodging
 - Level 2.6 Shields


You had one spell level left.
You didn't know any spells.

Dungeon Overview and Level Annotations

Branches:
Dungeon (2/15)

Altars:


Message History

You are too injured to fight recklessly!
You are too injured to fight recklessly!
You are too injured to fight recklessly!
You are too injured to fight recklessly!
You hit the kobold.
You kill the kobold!
Your Dodging skill increases to level 1!
Things that are here:
a short sword; a stone; a kobold corpse You open the door.
Found 15 poisoned needles.
There is an open door here.
Found a hunting sling.
You see here a hunting sling.
e - a hunting sling You open the door.
There is an open door here.
There is a stone staircase leading down here.
A hobgoblin comes into view.
The hobgoblin shouts!
A goblin comes into view.
The goblin shouts!
A hobgoblin comes into view.
You see here a club.
Things that are here:
a club; a goblin corpse You hit the hobgoblin.
The hobgoblin is lightly wounded.
The hobgoblin hits you but does no damage.
You hit the hobgoblin.
The hobgoblin is heavily wounded.
The hobgoblin hits you but does no damage.
You block the hobgoblin's attack.
You barely miss the hobgoblin.
The hobgoblin is heavily wounded.
The hobgoblin hits you but does no damage.
You hit the hobgoblin.
You kill the hobgoblin!
The hobgoblin closely misses you.
You hit the hobgoblin.
The hobgoblin is heavily wounded.
The hobgoblin hits you but does no damage.
You slash the hobgoblin!
You kill the hobgoblin!
You have reached level 2!
The goblin closely misses you.
You riposte.
You closely miss the goblin. You hit the goblin.
You kill the goblin!
No target in view!
Things that are here:
a goblin corpse; a hobgoblin corpse A hobgoblin comes into view.
It is wielding a club.
There is a stone staircase leading down here.
The hobgoblin shouts!
You see here a club.
You barely miss the hobgoblin.
The hobgoblin hits you but does no damage.
You slash the hobgoblin!
You kill the hobgoblin!
No target in view!
No target in view!
Things that are here:
a club; a hobgoblin corpse
Found 17 stones.
A gnoll comes into view. It is wielding a halberd.
The gnoll shouts!
You block the gnoll's attack.
Your scale mail prevents you from hitting the gnoll.
The gnoll closely misses you.
You riposte.
You closely miss the gnoll.
A leopard gecko comes into view.
The leopard gecko hisses angrily.
You hit the gnoll.
The gnoll is heavily wounded.
The leopard gecko moves out of view.
The gnoll hits you with a halberd.
You hit the gnoll.
The gnoll is heavily wounded.
You block the gnoll's attack.
A bat comes into view.
Your shield and scale mail prevent you from hitting the gnoll.
The gnoll is heavily wounded.
The bat hits you but does no damage. The gnoll hits you with a halberd.
* * * LOW HITPOINT WARNING * * *
You closely miss the gnoll.
The gnoll is heavily wounded.
You block the bat's attack. You block the gnoll's attack.
You hit the gnoll.
The gnoll is almost dead.
You block the leopard gecko's attack. The gnoll hits you with a halberd!
* * * LOW HITPOINT WARNING * * *
You block the leopard gecko's attack. The bat closely misses you.
You riposte.
You hit the bat.
You kill the bat!
You are too injured to fight recklessly!
You are too injured to fight recklessly!
You are too injured to fight recklessly!
You hit the gnoll but do no damage.
The gnoll is almost dead.
The leopard gecko bites you but does no damage.
The gnoll hits you with a halberd.
You die...

########### ..........#
. ..........# ..
..........###########...
.................(......
.................l..#
................@g..#
.....##.............#
.....##########..####
.....# #...# ......
<8#### #...##.......
#########...##.....#..
..#.........####..≈# #
#.####.##.### ..≈≈#
.......##.#


You could see a gnoll and a leopard gecko.

Vanquished Creatures
  4 hobgoblins (D:1)
  2 bats
  3 goblins (D:1)
  2 kobolds (D:1)
11 creatures vanquished.

Notes
Turn   | Place    | Note
-------+----------+-------------------------------------------
     0 | D:1      | tidbits the High Elf Fighter began the quest for the Orb.
     0 | D:1      | Reached XP level 1. HP: 16/16 MP: 2/2
    74 | D:1      | Reached skill level 1 in Dodging
   227 | D:1      | Reached XP level 2. HP: 16/21 MP: 3/3
   263 | D:1      | Slain by a gnoll

Skill      XL: |  1 |
---------------+----+-----
Dodging        | 1 |  1.8
Fighting       | |  3.0
Long Blades    | |  2.7
Armour         | |  2.6
Shields        | |  2.6

Action                   || total
-------------------------++-------
Melee: Long sword        ||    42
Armor: Scale mail        ||    15
Dodge: Dodged            ||     9
Block: Shield            ||    18
       Rpst.: Long sword ||     3

Table legend:
 A = Turns spent in this place as a percentage of turns spent in the entire game.
 B = Non-inter-level travel turns spent in this place as a percentage of non-inter-level travel turns spent in the entire game.
 C = Inter-level travel turns spent in this place as a percentage of turns spent in this place.
 D = Turns resting spent in this place as a percentage of non-inter-level travel turns spent in this place.
 E = Turns spent auto-exploring this place as a percentage of non-inter-level travel turns spent in this place.
 F = Non-inter-level travel turns spent in this place divided by the number of levels of this place that you've seen.
                   A       B       C       D       E      F
               +-------+-------+-------+-------+-------+----------------------
         Total | 100.0 | 100.0 |   0.0 |   0.0 |   0.0 | 133.0
       Dungeon | 100.0 | 100.0 |   0.0 |   0.0 |   0.0 | 133.0
               +-------+-------+-------+-------+-------+----------------------

Table legend:
 A = Kills in this place as a percentage of kills in entire the game.
 B = Kills by you in this place as a percentage of kills by you in the entire game.
 C = Kills by friends in this place as a percentage of kills by friends in the entire game.
 D = Other kills in this place as a percentage of other kills in the entire game.
 E = Experience gained in this place as a percentage of experience gained in the entire game.
 F = Experience gained in this place divided by the number of levels of this place that you have seen.
                   A       B       C       D       E      F
               +-------+-------+-------+-------+-------+----------------------
         Total | 100.0 | 100.0 |  -nan |  -nan | 100.0 |   9.0
       Dungeon | 100.0 | 100.0 |  -nan |  -nan | 100.0 |   9.0
               +-------+-------+-------+-------+-------+----------------------

Vault maps used:
D:1:      mrwooster_arrival_statue, moated_statue
D:2:      first_bread, uniq_terence
